 Dungeon Crawl Stone Soup version 0.20.0-8-g6b59dc7 (webtiles) character file.

63487 JerBear56 the Fighter (level 15, -9/100 HPs)
             Began as a Gargoyle Berserker on June 2, 2017.
             Was a High Priest of Trog.
             Mangled by a harpy simulacrum (10 damage)
             ... animated by a necromancer
             ... on level 14 of the Dungeon.
             The game lasted 01:54:56 (21262 turns).

JerBear56 the Fighter (Gargoyle Berserker)         Turns: 21262, Time: 01:54:57

Health: -9/100     AC: 34    Str: 24    XL:     15   Next: 9%
Magic:  0/5        EV: 12    Int:  9    God:    Trog [*****.]
Gold:   629        SH: 11    Dex: 11    Spells: 14/14 levels left

rFire    . . .     SeeInvis .   P - +3 demon whip (antimagic)
rCold    + . .     Gourm    .   U - +0 buckler {reflect}
rNeg     + . .     Faith    .   m - +0 plate armour
rPois    ∞         Spirit   .   Q - +0 helmet
rElec    +         Reflect  +   t - +0 cloak
rCorr    .         Harm     .   (no gloves)
MR       +....                  (no boots)
Stlth    ..........             y - +5 amulet of reflection
Regen    0.3/turn               o - +4 ring of protection
MPRegen  0.1/turn               H - ring of protection from cold

@: flying
A: big wings, negative energy resistance 1, electricity resistance, unbreathing,
petrification resistance, rot immunity, AC +11
a: Stop Flying, Berserk, Trog's Hand, Brothers in Arms, Burn Spellbooks,
Renounce Religion


You were on level 14 of the Dungeon.
You worshipped Trog.
Trog was extremely pleased with you.
You were not hungry.

You visited 6 branches of the dungeon, and saw 24 of its levels.

You collected 1184 gold pieces.
You spent 555 gold pieces at shops.

Inventory:

Hand Weapons
 n - a +2 antimagic eveningstar
 P - a +3 antimagic demon whip (weapon)
 R - a +0 hand crossbow
Missiles
 j - 393 stones (quivered)
 S - 60 bolts
Armour
 b - the cursed -4 pair of boots "Fimmuih" {rN++}
   (You found it on level 11 of the Dungeon)

   It greatly protects you from negative energy.
   It has a curse placed upon it.
 m - a +0 plate armour (worn)
 t - a +0 cloak (worn)
 Q - a +0 helmet (worn)
 U - a +0 buckler of reflection (worn)
Jewellery
 o - a +4 ring of protection (left hand)
 x - an uncursed ring of fire
 y - a +5 amulet of reflection (around neck)
 H - a ring of protection from cold (right hand)
Wands
 a - a wand of clouds (5/9)
 d - a wand of confusion (21/48)
 v - a wand of flame (12/48)
 A - a wand of flame (20/48)
 B - a wand of acid (4/15)
 J - a wand of scattershot (0/9)
 K - a wand of confusion (21/48)
 L - a wand of digging (12/24)
 N - a wand of paralysis (0/24)
Scrolls
 g - 6 scrolls of teleportation
 i - 9 scrolls of identify
 k - a scroll of acquirement {unknown}
 l - 4 scrolls of magic mapping
 p - 11 scrolls of remove curse
 u - 5 scrolls of enchant armour {unknown}
 z - a scroll of fog
 D - a scroll of summoning
 G - a scroll of enchant weapon {unknown}
 I - a scroll of vulnerability {unknown}
 M - a scroll of noise {unknown}
Potions
 e - 5 potions of brilliance
 f - a potion of ambrosia
 h - 3 potions of might
 s - 5 potions of curing
 w - a potion of invisibility
 C - 2 potions of lignification
 F - 3 potions of mutation
 O - a potion of heal wounds
Comestibles
 c - 11 bread rations
 q - 7 meat rations
 r - 35 fruits
 E - 9 royal jellies
 T - 8 chunks of flesh


   Skills:
 * Level 13.9 Fighting
 * Level 12.9 Maces & Flails
 * Level 13.5 Armour
 * Level 10.7 Dodging
 - Level 8.5 Shields


You had 14 spell levels left.
You didn't know any spells.

Dungeon Overview and Level Annotations

Branches:
Dungeon (14/15)            Temple (1/1) D:5            Lair (6/6) D:8
  Swamp (1/4) Lair:4       Spider (1/4) Lair:4        Slime (1/5) Lair:6
    Orc (0/2) D:10
 Vaults: D:13-14

Altars:
Ashenzari
Cheibriados
Dithmenos
Elyvilon
Fedhas
Gozag
Hepliaklqana
Kikubaaqudgha
Makhleb
Nemelex Xobeh
Okawaru
Qazlal
Ru
Sif Muna
Trog
Vehumet
Zin
The Shining One
Beogh
Lugonu

Shops:
D:6 %   D:11 }?([


Innate Abilities, Weirdness & Mutations

You are resistant to torment.
Your stone body is resilient. (AC +11)
You are immune to poison.
Your large and strong wings let you fly indefinitely.
You resist negative energy. (rN+)
You are resistant to electric shocks. (rElec)
You can survive without breathing.
You are immune to petrification.
You are immune to rotting.


Message History

You feel less resistant to hostile enchantments.
You block the harpy simulacrum's attack.
The harpy simulacrum claws you but does no damage.
You block the harpy simulacrum's attack.
The harpy simulacrum barely misses you. You block the ettin's attack.
The ettin hits you with a dire flail!
You feel much better.
You block the harpy simulacrum's attack. x2
The harpy simulacrum claws you. The harpy simulacrum freezes you. You resist.
The harpy simulacrum claws you but does no damage.
The ettin hits you with a dire flail!!
* * * LOW HITPOINT WARNING * * *
The ettin hits you with a dire flail!!
* * * LOW HITPOINT WARNING * * *
Okay, then.
The harpy simulacrum closely misses you.
The harpy simulacrum claws you.
* * * LOW HITPOINT WARNING * * *
The harpy simulacrum freezes you! You resist.
You die...

###".(# #...#.......... #).)..
####...#.......... #??...
#......#.......##. #!....##
##'##.............
#.....####...#.............
#..$$##...#.............
##[..T#...#........#####
#..G.#...#..##....#....
##oCC#@..#..##....#.... ######
#####.Z..#..##....#.... #....#
#.#......#........#....
#....###.#......#........#....
#........#......#........#####
#........#......#########.....
#........#......# #....#
#........#......# #.....
#........#......# #.....


You could see a harpy simulacrum.

Vanquished Creatures
  A catoblepas (Lair:5)
  3 hydras
  3 centaur warriors
  8 two-headed ogres
  A death yak (Lair:6)
  An ogre mage (D:14)
  7 skeletal warriors
  A deep elf archer (D:14)
  A harpy (D:14)
  4 cyclopes
  4 deep elf magi
  A manticore (D:14)
  3 ugly things
  12 elephants
  6 black mambas
  A kobold demonologist (D:14)
  11 spiny frogs
  An efreet (D:11)
  6 komodo dragons
  The ghost of Temi the Skirmisher, an amateur MiBe of Trog (D:4)
  3 trolls
  A tengu conjurer (D:14)
  5 jumping spiders (Lair:4)
  3 slime creatures (D:14)
  2 polar bears
  18 blink frogs
  5 dream sheep (Lair:5)
  7 hippogriffs
  3 redbacks (Lair:4)
  Sigmund (D:2)
  2 shadows
  3 wyverns
  24 yaks
  A wraith (D:11)
  A vampire (D:14)
  Eustachio (D:5)
  3 basilisks
  2 humans (D:9)
  10 vampire mosquitoes
  2 steam dragons (D:8)
  Grum (D:8)
  A hungry ghost (D:8)
  Menkaure (D:5)
  A soldier ant (shapeshifter) (D:14)
  2 wargs (D:8)
  13 porcupines
  11 water moccasins
  6 orc warriors
  4 sky beasts
  3 black bears
  A phantom (D:6)
  An ice beast (D:7)
  16 wolves
  12 ogres
  10 centaurs
  15 crocodiles
  Blork the orc (D:5)
  5 big kobolds
  15 bullfrogs
  A gnoll sergeant (D:5)
  3 scorpions
  13 killer bees
  21 wights
  3 electric eels (Lair:3)
  2 crimson imps (D:12)
  2 centaur zombies
  2 bullfrog zombies
  4 hounds
  A wyvern simulacrum (D:14)
  2 jellies
  4 orc priests
  Ijyb (D:3)
  3 bullfrog skeletons
  6 centaur skeletons
  Jessica (D:2)
  3 iguanas
  Natasha (thrice) (D:3 D:8 D:11)
  14 orc wizards
  8 hell rats
  8 worker ants
  Robin (D:3)
  8 gnolls
  9 river rats (Lair:3)
  15 adders
  4 shadow imps
  3 adder skeletons
  3 dart slugs
  4 leopard geckos
  55 orcs
  5 giant cockroaches
  10 goblins
  9 hobgoblins
  13 jackals
  29 kobolds
  4 quokkas
  2 ball pythons
  9 bats
  A frilled lizard (D:2)
  A jackal zombie (D:5)
  A leopard gecko skeleton (D:5)
  10 rats
593 creatures vanquished.

Vanquished Creatures (collateral kills)
  An ogre mage (D:14)
  An orc knight (D:10)
  3 deep elf magi (D:14)
  2 centaur skeletons (D:14)
  An ogre (D:14)
  A centaur (D:14)
  7 orcs (D:10)
16 creatures vanquished.

Vanquished Creatures (others)
  6 fungi
  8 plants
14 creatures vanquished.

Grand Total: 623 creatures vanquished

Notes
Turn   | Place    | Note
-------+----------+-------------------------------------------
     0 | D:1      | JerBear56 the Gargoyle Berserker began the quest for the Orb.
     0 | D:1      | Reached XP level 1. HP: 14/14 MP: 1/1
    96 | D:1      | Found a shattered altar of Ashenzari.
   112 | D:1      | Reached XP level 2. HP: 11/19 MP: 2/2
   924 | D:2      | Reached ** piety under Trog
   931 | D:2      | Reached XP level 3. HP: 21/23 MP: 3/3
   992 | D:2      | Noticed Sigmund
  1002 | D:2      | Killed Sigmund
  1002 | D:2      | Reached XP level 4. HP: 30/30 MP: 4/4
  1002 | D:2      | Reached XP level 5. HP: 34/34 MP: 5/5
  1246 | D:2      | Found a shadowy altar of Dithmenos.
  1246 | D:2      | Found a radiant altar of Vehumet.
  1246 | D:2      | Found a sparkling altar of Nemelex Xobeh.
  1346 | D:2      | Found a snail-covered altar of Cheibriados.
  1511 | D:2      | Noticed Jessica
  1518 | D:2      | Killed Jessica
  1518 | D:2      | Reached XP level 6. HP: 39/39 MP: 6/6
  1586 | D:2      | Found a deep blue altar of Sif Muna.
  1752 | D:3      | Noticed Robin
  1777 | D:3      | Killed Robin
  2000 | D:3      | Reached *** piety under Trog
  2171 | D:3      | Noticed Natasha
  2176 | D:3      | Killed Natasha
  2217 | D:3      | Reached skill level 5 in Fighting
  2224 | D:3      | Noticed Ijyb
  2257 | D:3      | Killed Ijyb
  2487 | D:3      | Found a burning altar of Makhleb.
  2490 | D:3      | Found a stormy altar of Qazlal.
  2493 | D:3      | Found a hazy altar of Hepliaklqana.
  2983 | D:4      | Noticed Temi's ghost (amateur MiBe)
  3207 | D:4      | Killed Temi's ghost
  3207 | D:4      | Reached skill level 1 in Shields
  3207 | D:4      | Reached XP level 7. HP: 39/44 MP: 7/7
  3559 | D:4      | Reached skill level 5 in Armour
  3839 | D:5      | Entered Level 5 of the Dungeon
  3878 | D:5      | Reached skill level 5 in Maces & Flails
  3878 | D:5      | Reached XP level 8. HP: 50/51 MP: 8/8
  4005 | D:5      | Noticed Menkaure
  4013 | D:5      | Noticed Eustachio
  4030 | D:5      | Killed Menkaure
  4118 | D:5      | Killed Eustachio
  4256 | D:5      | Noticed Blork the orc
  4269 | D:5      | Killed Blork the orc
  4360 | D:5      | Reached XP level 9. HP: 49/56 MP: 9/9
  4621 | D:5      | Found a staircase to the Ecumenical Temple.
  4630 | Temple   | Entered the Ecumenical Temple
  4947 | D:6      | Reached **** piety under Trog
  5099 | D:6      | Reached skill level 5 in Dodging
  5420 | D:6      | Found Zuhed's Food Boutique.
  5448 | D:6      | You fall through a shaft for 2 floors!
  5540 | D:7      | Found a shadowy altar of Dithmenos.
  5584 | D:7      | Found a white marble altar of Elyvilon.
  5756 | D:7      | Found Patiedd's General Store.
  5973 | D:7      | Found a bloodstained altar of Trog.
  6451 | D:8      | Noticed Natasha
  6460 | D:8      | Reached XP level 10. HP: 41/65 MP: 10/10
  6471 | D:8      | Killed Natasha
  6690 | D:8      | Noticed Grum
  6692 | D:8      | Found a staircase to the Lair.
  6707 | D:8      | Killed Grum
  6954 | D:8      | Reached ***** piety under Trog
  7140 | D:9      | Noticed a two-headed ogre
  7556 | D:9      | Reached skill level 5 in Shields
  7568 | D:9      | Killed a two-headed ogre
  7648 | D:9      | Found a sacrificial altar of Ru.
  7697 | D:9      | Found an opulent altar of Gozag.
  7771 | D:9      | Noticed a two-headed ogre
  7784 | D:9      | Killed a two-headed ogre
  7784 | D:9      | Reached XP level 11. HP: 72/72 MP: 11/11
  7795 | D:9      | Found an iron altar of Okawaru.
  7994 | D:9      | Found an iron altar of Okawaru.
  8176 | D:9      | Noticed a cyclops
  8184 | D:9      | Killed a cyclops
  8250 | D:10     | Entered Level 10 of the Dungeon
  8263 | D:10     | Noticed a two-headed ogre
  8272 | D:10     | Killed a two-headed ogre
  8272 | D:10     | Reached skill level 10 in Fighting
  8437 | D:10     | Noticed an orc knight
  8519 | D:10     | Killed an orc knight
  8552 | D:10     | Found a roughly hewn altar of Beogh.
  8552 | D:10     | Found a staircase to the Orcish Mines.
  9008 | D:10     | Found a blossoming altar of Fedhas.
  9507 | Lair:1   | Entered Level 1 of the Lair of Beasts
  9962 | Lair:1   | Noticed a seven-headed hydra
  9979 | Lair:1   | Killed a seven-headed hydra
 10346 | Lair:1   | Reached XP level 12. HP: 54/79 MP: 12/12
 10730 | Lair:2   | Reached skill level 10 in Armour
 11661 | Lair:3   | Reached skill level 10 in Maces & Flails
 11864 | Lair:3   | Received a gift from Trog
 13603 | Lair:4   | Found a hole to the Spider Nest.
 13632 | Lair:4   | Reached XP level 13. HP: 71/85 MP: 13/13
 13790 | Lair:4   | Found a staircase to the Swamp.
 13799 | Swamp:1  | Entered Level 1 of the Swamp
 14123 | Spider:1 | Entered Level 1 of the Spider Nest
 14123 | Spider:1 | Noticed an emperor scorpion
 15966 | Lair:6   | Entered Level 6 of the Lair of Beasts
 16879 | Lair:6   | Found a staircase to the Slime Pits.
 16982 | Slime:1  | Entered Level 1 of the Pits of Slime
 17054 | Lair:6   | Received a gift from Trog
 17054 | Lair:6   | Gained mutation: Your large and strong wings let you fly indefinitely. [Gargoyle growth]
 17054 | Lair:6   | Reached XP level 14. HP: 63/92 MP: 14/14
 17435 | D:11     | Noticed Natasha
 17440 | D:11     | Killed Natasha
 17548 | D:11     | Reached skill level 10 in Dodging
 17787 | D:11     | Got a pair of ancient boots
 17788 | D:11     | Identified the cursed -4 pair of boots "Fimmuih" {rN++} (You found it on level 11 of the Dungeon)
 17850 | D:11     | Found Xulaamew's Magic Scroll Shoppe.
 17855 | D:11     | Bought a scroll of identify for 20 gold pieces
 17855 | D:11     | Bought a scroll of teleportation for 30 gold pieces
 17855 | D:11     | Bought a scroll of summoning for 95 gold pieces
 17855 | D:11     | Bought a scroll of identify for 20 gold pieces
 17921 | D:11     | Found Poext's Antique Weapon Shop.
 18005 | D:11     | Found Zybraga's Gadget Shop.
 18116 | D:11     | Found Zaaz's Antique Armour Shop.
 18120 | D:11     | Bought a runed buckler for 195 gold pieces
 18125 | D:11     | Bought a runed buckler for 195 gold pieces
 18720 | D:12     | Received a gift from Trog
 19905 | D:13     | Found an opulent altar of Gozag.
 20269 | D:14     | Received a gift from Trog
 21031 | D:14     | Reached XP level 15. HP: 100/100 MP: 5/15
 21261 | D:14     | HP: 2/100 [ettin/dire flail (24)]
 21262 | D:14     | Mangled by a harpy simulacrum

Skill      XL: |  1  2  3  4  5  6  7  8  9 10 11 12 13 14 |
---------------+-------------------------------------------+-----
Fighting       | 4 5 6 8 9 10 11 12 13 | 13.9
Armour         | 3 4 5 6 7 8 9 10 12 13 | 13.5
Dodging        | 2 3 4 5 6 7 8 9 10 | 10.7
Maces & Flails | 4 5 6 7 8 9 10 11 12 | 12.9
Shields        | 1 3 4 5 6 7 8 |  8.5

Action                   |  1- 3 |  4- 6 |  7- 9 | 10-12 | 13-15 || total
-------------------------+-------+-------+-------+-------+-------++-------
Melee: Mace              |    67 |   266 |   381 |       |       ||   714
       Flail             |       |       |    80 |   872 |   552 ||  1504
       Demon whip        |       |       |       |       |   892 ||   892
Throw: Stone             |       |     4 |       |     9 |    13 ||    26
Invok: Burn Spellbooks   |     1 |       |     2 |     2 |     5 ||    10
       Berserk           |     1 |     1 |     3 |     1 |     1 ||     7
       Trog's Hand       |       |     2 |     7 |    15 |    16 ||    40
       Brothers in Arms  |       |       |       |     1 |     1 ||     2
 Abil: Fly               |       |       |       |       |     1 ||     1
Evoke: Wand              |       |       |     3 |    20 |     3 ||    26
  Use: Scroll            |     2 |     3 |    10 |     5 |     5 ||    25
       Potion            |     2 |     2 |     5 |     3 |     3 ||    15
 Stab: Sleeping          |     1 |       |       |       |       ||     1
       Paralysed         |       |       |       |       |     2 ||     2
  Eat: Chunk             |       |     9 |    16 |    26 |    26 ||    77
       Fruit             |       |       |       |     7 |     5 ||    12
       Royal jelly       |       |       |       |     1 |       ||     1
       Bread ration      |       |       |       |       |     1 ||     1
Armor: Animal skin       |    18 |       |       |       |       ||    18
       Plate armour      |    13 |   210 |   603 |   627 |   781 ||  2234
Dodge: Dodged            |    47 |   118 |   365 |   416 |   541 ||  1487
Block: Other             |       |       |    19 |   231 |   167 ||   417
       Reflection        |       |       |       |     7 |    16 ||    23
       Buckler           |       |       |       |       |   168 ||   168
